 Dungeon Crawl Stone Soup version 0.31-a0-978-g1e143483b6 (webtiles) character file.

Game seed: 2791967671904379155

6183 Dirtsage the Martial Artist (level 10, 0/71 HPs)
             Began as an Octopode Shapeshifter on Oct 30, 2023.
             Killed by divine providence
             ... invoked by an orc priest
              (14 damage)
             ... on level 9 of the Dungeon.
             The game lasted 00:21:15 (8628 turns).

Dirtsage the Martial Artist (Octopode Shapeshifter) Turns: 8628, Time: 00:21:16

Health: 0/71       AC:  5    Str: 20    XL:     10   Next: 91%
Magic:  19/19      EV: 13    Int: 13    God:
Gold:   351        SH:  5    Dex: 15    Spells: 9/9 levels left

rFire   . .          .
                       - Unarmed
rCold   + . .        (no shield)
rNeg    . . .        (helmet currently unavailable)
rPois   +            m - amulet of reflection
rElec   .            I - ring of protection from cold
rCorr   +            C - ring of resist corrosion
SInv    .            e - ring of magical power
Will    .....        r - +4 ring of protection
Stlth   ++           H - +6 ring of strength
HPRegen 0.31/turn    P - ring of poison resistance
MPRegen 0.16/turn    (no ring)
                     (no ring)

%: reflection
@: beast-form, studying Polearms
A: beast (slay +4), almost no armour, amphibious, 8 rings, camouflage 1,
gelatinous body 1, (nimble swimmer 1), tentacles
a: Begin Untransformation


You were on level 9 of the Dungeon.
You were a hulking beast.
You visited 2 branches of the dungeon, and saw 10 of its levels.

You collected 351 gold pieces.

Inventory:

Missiles
 p - a throwing net
Magical Staves
 x - a staff of fire
Jewellery
 e - a ring of magical power (on tentacle)
 m - an amulet of reflection (around mantle)
 r - a +4 ring of protection (on tentacle)
 y - an amulet of magic regeneration
 C - a ring of resist corrosion (right tentacle)
 H - a +6 ring of strength (on tentacle)
 I - a ring of protection from cold (left tentacle)
 P - a ring of poison resistance (on tentacle)
Talismans
 b - a beast talisman
 c - a flux talisman
Wands
 n - a wand of charming (10)
 G - a wand of roots (5)
Scrolls
 h - a scroll of brand weapon
 j - a scroll of revelation
 k - a scroll of noise {unknown}
 o - 2 scrolls of poison {unknown}
 s - a scroll of fog {unknown}
 t - 4 scrolls of teleportation
 u - a scroll of silence
 w - 2 scrolls of enchant armour
 A - a scroll of amnesia
 B - a scroll of blinking
 D - 2 scrolls of immolation
Potions
 a - 5 potions of degeneration {unknown}
 d - 3 potions of attraction
 f - 2 potions of enlightenment
 l - a potion of heal wounds
 v - 2 potions of might {unknown}
 z - a potion of brilliance {unknown}
 E - 3 potions of haste {unknown}
 F - a potion of mutation {unknown}


   Skills:
 + Level 7.2 Fighting
 - Level 2.0 Dodging
 * Level 10.7 Unarmed Combat
 * Level 9.9 Shapeshifting


You had 9 spell levels left.
You didn't know any spells.
Your spell library contained the following spells:

 Spells                   Type           Power      Damage    Failure   Level
 Magic Dart               Conj           0%         1d3       30%         1
 Summon Small Mammal      Summ           0%         N/A       30%         1
 Blink                    Tloc           0%         N/A       43%         2
 Cigotuvi's Dreadful Rot  Necr/Pois/Air  0%         N/A       43%         2
 Lesser Beckoning         Tloc           0%         N/A       43%         2
 Momentum Strike          Conj/Tloc      0%         3d8       43%         2
 Poisonous Vapours        Pois/Air       0%         N/A       43%         2
 Searing Ray              Conj           0%         2d4       43%         2
 Call Canine Familiar     Summ           0%         N/A       67%         3
 Ignite Poison            Fire/Tmut/Pois 0%         N/A       67%         3
 Mephitic Cloud           Conj/Pois/Air  0%         N/A       67%         3
 Summon Guardian Golem    Hex/Summ       0%         N/A       67%         3
 Fulminant Prism          Conj/Hex       0%         3d5       97%         4
 Freezing Cloud           Conj/Ice/Air   0%         6-21      100%        5


Dungeon Overview and Level Annotations

Branches:
Dungeon (9/15)             Temple (1/1) D:4            Lair (0/5) D:8
    Orc: D:9-12

Altars:
Cheibriados
Dithmenos
Elyvilon
Fedhas
Gozag
Hepliaklqana
Kikubaaqudgha
Makhleb
Nemelex Xobeh
Qazlal
Ru
Sif Muna
Trog
Uskayaw
Vehumet
Xom
Yredelemnul
Zin
The Shining One

Annotations:
D:8 Psyche


Innate Abilities, Weirdness & Mutations

You are a hulking beast.
Your limbs bulge with bestial killing power. (Slay +4)
You cannot wear most types of armour.
You are amphibious.
You can wear up to eight rings at the same time.
Your skin changes colour to match your surroundings (Stealth+).
Your rubbery body absorbs attacks. (AC +1, EV +1)
((You are camouflaged when in or above water. (Stealth+)))
You have tentacles for arms and can constrict up to eight enemies at once.


Message History

The two-headed ogre is heavily wounded.
The troll shouts!
You tentacle-slap the two-headed ogre. You squeeze the two-headed ogre!
The two-headed ogre is severely wounded.
You hear a horrible gurgling sound!
A cyclops comes into view.
The two-headed ogre barely misses you. x2
The cyclops shouts!
You bludgeon the two-headed ogre!
The two-headed ogre is almost dead.
You hear an angry hiss.
A purple ugly thing comes into view.
You bludgeon the two-headed ogre!
You kill the two-headed ogre!
Your life force feels restored.
You closely miss the killer bee. Your grab misses the killer bee.
The killer bee stings you!
A water moccasin comes into view.
The killer bee stings you but does no damage.
You take 6 damage, and have 42/71 hp.
You miss the killer bee. You grab the killer bee. You constrict the killer bee.
You block the killer bee's attack. The killer bee stings you.
You take 4 damage, and have 38/71 hp.
You bludgeon the killer bee! Your squeeze misses the killer bee.
The killer bee is severely wounded.
You constrict the killer bee. You block the killer bee's attack.
As you read the scroll of teleportation, it crumbles to dust.
You feel strangely unstable.
You constrict the killer bee.
You kill the killer bee!
You bludgeon the troll!
You squeeze the troll, but do no damage.
The troll is heavily wounded.
The troll bites you! The troll claws you! x2
* * * LOW HITPOINT WARNING * * *
You take 25 damage, and have 13/71 hp.
MASSIVE DAMAGE!!
Your surroundings suddenly seem different.
The orc priest shouts!
The orc priest calls down the wrath of Beogh upon you.
Beogh smites you!
You die...

#......#..#...#
#......#..#..#.#
#......#.##.#...#
#......##.##...##
#.....#.#. ###..
#.....##.#. ### ###...#
#.# ###### #.
#.####.......####.
#####..h............##
##.............. O.....
...........##### .....
#.o........# #..#
#..........######?######
#..o....................
#.....<....####.........
#.........>(.oO..>......
..#(.......####..........


You could see an orc warrior and an orc priest.

Vanquished Creatures
  A two-headed ogre (D:9)
  A troll (D:9)
  A hornet (D:8)
  Sigmund (D:6)
  3 wyverns
  A steam dragon (D:9)
  A warg (D:8)
  Edmund (D:4)
  2 orc warriors
  Duvessa (D:5)
  3 ice beasts
  A sky beast (D:7)
  4 black bears
  6 centaurs
  3 ogres (D:5)
  2 kobold brigands
  Blork the orc (D:6)
  3 necrophages (D:4)
  A bullfrog (D:6)
  3 scorpions
  6 wights
  Dowan (D:5)
  9 killer bees
  An electric eel (D:7)
  A bullfrog zombie (D:4)
  3 hounds
  2 jellies
  3 orc priests
  A human zombie (D:4)
  A gnoll bouda (D:9)
  A sleepcap (D:5)
  An iguana (D:5)
  4 orc wizards
  2 scorpion zombies (D:4)
  A hound zombie (D:4)
  3 mummies (D:4)
  9 adders
  11 gnolls
  2 shadow imps
  2 white imps (D:6)
  An adder zombie (D:4)
  A worm (D:2)
  A dart slug (D:3)
  14 orcs
  4 endoplasms
  2 giant cockroaches
  7 goblins
  7 hobgoblins
  5 jackals
  4 quokkas
  8 ball pythons
  8 bats
  3 frilled lizards (D:2)
  11 kobolds
  3 rats
183 creatures vanquished.

Vanquished Creatures (collateral kills)
  Grinder (D:6)
  A warg (D:8)
  2 orcs
4 creatures vanquished.

Vanquished Creatures (others)
  An orc warrior (D:8)
1 creature vanquished.

Grand Total: 188 creatures vanquished

Notes
Turn   | Place    | Note
-------+----------+-------------------------------------------
     0 | D:1      | Dirtsage the Octopode Shapeshifter began the quest for the
                  | Orb.
     0 | D:1      | Reached XP level 1. HP: 13/13 MP: 1/1
   142 | D:1      | Found a faded altar of an unknown god.
   259 | D:1      | Reached XP level 2. HP: 18/18 MP: 2/2
   958 | D:2      | Reached XP level 3. HP: 23/23 MP: 3/3
  1528 | D:2      | Found a bloodstained altar of Trog.
  1750 | D:3      | Reached XP level 4. HP: 28/29 MP: 4/4
  1978 | D:3      | Reached skill level 4 in Unarmed Combat
  2067 | D:3      | Reached XP level 5. HP: 33/34 MP: 5/5
  2421 | D:3      | Found a hazy altar of Hepliaklqana.
  2422 | D:3      | Noticed a kobold brigand
  2423 | D:3      | Found a faded altar of an unknown god.
  2434 | D:3      | Killed a kobold brigand
  2435 | D:3      | Reached XP level 6. HP: 21/41 MP: 6/6
  2744 | D:4      | Noticed Edmund
  2758 | D:4      | Killed Edmund
  2759 | D:4      | Reached skill level 5 in Unarmed Combat
  2957 | D:4      | Found a staircase to the Ecumenical Temple.
  2957 | D:4      | Noticed a black bear
  2959 | D:4      | Noticed a black bear
  2965 | D:4      | Killed a black bear
  2966 | D:4      | Reached skill level 5 in Shapeshifting
  2966 | D:4      | Reached XP level 7. HP: 32/46 MP: 7/7
  3210 | Temple   | Entered the Ecumenical Temple
  3314 | D:4      | Reached skill level 6 in Unarmed Combat
  3509 | D:4      | Reached XP level 8. HP: 52/54 MP: 8/8
  3539 | D:4      | Found a basalt altar of Yredelemnul.
  3768 | D:5      | Entered Level 5 of the Dungeon
  3782 | D:5      | Reached skill level 7 in Unarmed Combat
  3879 | D:5      | Noticed Duvessa
  3879 | D:5      | Noticed Dowan
  3888 | D:5      | Killed Duvessa
  3891 | D:5      | Killed Dowan
  4268 | D:5      | Reached XP level 9. HP: 49/60 MP: 9/9
  4344 | D:5      | Reached skill level 5 in Fighting
  4529 | D:5      | Reached skill level 8 in Unarmed Combat
  5077 | D:6      | Noticed Sigmund
  5081 | D:6      | Noticed Grinder
  5087 | D:6      | Killed Sigmund
  5097 | D:6      | Killed Grinder
  5312 | D:6      | Noticed Blork the orc
  5317 | D:6      | Killed Blork the orc
  5333 | D:6      | Found an opulent altar of Gozag.
  5334 | D:6      | Found a shadowy altar of Dithmenos.
  5362 | D:6      | Found a sacrificial altar of Ru.
  5661 | D:6      | Found a sparkling altar of Nemelex Xobeh.
  5786 | D:7      | Found a stormy altar of Qazlal.
  5792 | D:7      | Reached skill level 9 in Unarmed Combat
  6163 | D:7      | Reached XP level 10. HP: 42/67 MP: 10/10
  6428 | D:7      | Found a white marble altar of Elyvilon.
  7254 | D:8      | Found a staircase to the Lair.
  7264 | D:8      | Reached skill level 10 in Unarmed Combat
  7286 | D:8      | Found a glowing golden altar of the Shining One.
  7336 | D:8      | HP: 1/69 [killer bee (6)]
  7730 | D:8      | Found a blossoming altar of Fedhas.
  7758 | D:8      | Noticed Psyche
  8115 | D:9      | Noticed a two-headed ogre
  8438 | D:9      | Noticed a two-headed ogre
  8618 | D:9      | Noticed a cyclops
  8619 | D:9      | Noticed a purple ugly thing
  8620 | D:9      | Killed a two-headed ogre
  8628 | D:9      | Killed from afar by an orc priest

Illustrated notes

Levels and vault maps discovered:
D:1:      elethiomel_arrival_infinity_welcomes_careful_drivers,
          layout_loops_ring, ebering_ecumenical_altar_rust,
          roderic_serpentine_path
D:2:      layout_loops_ring, basic_altar, minmay_pentomino_q4
D:3:      layout_loops_ring, beargit_hepliaklqana_dungeon_heroes
D:4:      layout_rooms, lemuel_mausoleum_altar_yredelemnul,
          minmay_temple_entry_large_hall, uniq_edmund
D:5:      layout_loops_corners, minmay_manual_monolith, uniq_duvessa
D:6:      layout_loops_ring, hangedman_ru_absence,
          mainiacjoe_overflow_divided_tiny, kennysheep_little_box, uniq_grinder,
          uniq_blork_the_orc, uniq_sigmund
D:7:      layout_cave_pools, mainiacjoe_overflow_paths,
          nicolae_elyvilon_temple_path
D:8:      layout_gridville, mainiacjoe_overflow_alcove_1,
          overflow_temple_1_default, erik_lair_orcish_takeover,
          kennysheep_generic_room_13, uniq_psyche
D:9:      minmay_ornate_pinched, layout_rooms,
          hellmonk_okawaru_the_only_friend_you_need, serial_shops,
          nicolae_shop_tiny_statue_garden, nicolae_shop_dragon_depot,
          nicolae_fountain_basement
Temple:   hellmonk_temple_beads

Skill      XL: |  1  2  3  4  5  6  7  8  9 10 |
---------------+-------------------------------+-----
Fighting       | 2 3 4 6 7 |  7.2
Unarmed Combat | 4 5 6 7 9 10 | 10.7
Shapeshifting  | 4 5 7 8 9 |  9.9
Dodging        | |  2.0

Action                     |  1- 3 |  4- 6 |  7- 9 | 10-12 || total
---------------------------+-------+-------+-------+-------++-------
  Melee: Unarmed           |    73 |    82 |   181 |   120 ||   456
         Constrict         |    18 |    12 |    41 |    20 ||    91
         Tentacles         |     8 |    13 |    47 |    32 ||   100
         Punch             |     2 |     1 |    14 |     8 ||    25
  Evoke: Wand              |       |       |     2 |     5 ||     7
    Use: Scroll            |       |     6 |     3 |     9 ||    18
         Potion            |       |     1 |       |     5 ||     6
   Stab: Sleeping          |     8 |     3 |    10 |     5 ||    26
         Betrayed ally     |       |       |     1 |       ||     1
 Armour: Skin              |    27 |    57 |    86 |   106 ||   276
  Dodge: Dodged            |    41 |    34 |    94 |   100 ||   269
  Block: Other             |       |       |     5 |    31 ||    36
         Reflection        |       |       |     3 |     2 ||     5

Table legend: (Time is in decaauts)
 A = Elapsed time spent in this place.
 B = Non-inter-level travel time spent in this place.
 C = Inter-level travel time spent in this place.
 D = Time resting spent in this place.
 E = Time spent auto-exploring this place.
 F = Levels seen in this place.
 G = Mean time per level.
                   A        B        C        D        E       F      G
               +--------+--------+--------+--------+--------+-----+--------+
         Total |   8567 |   8233 |    334 |   1410 |   5497 |  10 |  856.7 |
       Dungeon |   8566 |   8232 |    334 |   1410 |   5497 |   9 |  951.8 |
        Temple |      1 |      1 |      0 |      0 |      0 |   1 |    1.0 |
               +--------+--------+--------+--------+--------+-----+--------+

Top non-repeatable levels by time:
     D:8: 1674 daAuts
     D:3: 1139 daAuts
     D:5: 1091 daAuts
     D:4: 1007 daAuts
     D:7: 945 daAuts
     D:1: 898 daAuts
     D:2: 778 daAuts
     D:6: 733 daAuts
     D:9: 298 daAuts
  Temple: 1 daAuts
